 Dungeon Crawl Stone Soup version 0.19-a0-1100-g56b2fe9 (webtiles) character file.

1259 Jmtri7 the Nimble (level 8, -6/58 HPs)
             Began as a Merfolk Monk on Aug 8, 2016.
             Mangled by an ogre
             ... wielding a +0 giant club
              (14 damage)
             ... on level 5 of the Dungeon.
             The game lasted 00:15:51 (5220 turns).

Jmtri7 the Nimble (Merfolk Monk)                    Turns: 5220, Time: 00:15:52

Health: -6/58      AC:  7    Str: 11    XL:     8   Next: 51%
Magic:  8/8        EV: 23    Int:  9    God:
Gold:   267        SH:  0    Dex: 19    Spells: 0 memorised, 7 levels left

rFire  + . .     SeeInvis .     f - +1 whip (distort)
rCold  . . .     Gourm    .     v - +1 robe {rF+}
rNeg   . . .     Faith    .     (no shield)
rPois  .         Spirit   .     (no helmet)
rElec  .         Dismiss  .     (no cloak)
rCorr  .         Reflect  .     (no gloves)
SustAt .         Harm     .     (no boots)
MR     .....                    (no amulet)
Stlth  ++........               (no ring)
                                D - +4 ring of protection

@:
A: change form in water, swift swim
a: no special abilities


You were on level 5 of the Dungeon.
You were hungry.

You visited 1 branch of the dungeon, and saw 5 of its levels.

You collected 267 gold pieces.

Inventory:

Hand Weapons
 f - a +1 whip of distortion (weapon)
 g - a +0 long sword
 A - a +3 scythe
 E - a +0 dagger of venom
Armour
 v - a +1 robe of fire resistance (worn)
Jewellery
 d - an uncursed amulet of harm
 l - an uncursed ring of fire
 D - a +4 ring of protection (left hand)
Wands
 p - a wand of slowing (10/48)
Scrolls
 b - a scroll of identify
 e - a scroll of remove curse
 q - a scroll of amnesia {unknown}
 r - 2 scrolls of recharging {unknown}
 s - 3 scrolls of teleportation {unknown}
 w - 2 scrolls of immolation {unknown}
 y - a scroll of noise {unknown}
 F - a scroll of enchant armour {unknown}
Potions
 h - a potion of brilliance
 i - a potion of degeneration {unknown}
 k - 4 potions of curing {unknown}
 m - a potion of lignification {unknown}
 n - a potion of mutation {unknown}
 o - a potion of flight {unknown}
 t - a potion of might {unknown}
 u - a potion of ambrosia {unknown}
 x - 2 potions of resistance {unknown}
Comestibles
 a - 3 meat rations
 c - 3 bread rations
 j - a beef jerky
 z - 3 fruits
 B - a royal jelly


   Skills:
 - Level 3.2 Fighting
 - Level 3.2 Long Blades
 + Level 13.1 Dodging
 - Level 2.1 Stealth


You had 7 spell levels left.
You didn't know any spells.

Dungeon Overview and Level Annotations

Branches:
Dungeon (5/15)
 Temple: D:4-7

Altars:
Fedhas
Qazlal
Ru
Sif Muna
Trog
Uskayaw
Vehumet


Message History

The ogre shouts!
There is an open door here.
There is a radiant altar of Vehumet here.
There is an open door here.
You barely miss the ogre. The ogre hits you but does no damage.
You hit the ogre.
Space bends around the ogre.
The ogre is moderately wounded.
The ogre closely misses you.
You barely miss the ogre.
The ogre is moderately wounded.
You are feeling hungry.
The ogre hits you with a giant club!!
You hit the ogre.
Space bends around the ogre.
The ogre is heavily wounded.
You barely miss the ogre.
The ogre is heavily wounded.
The ogre hits you with a giant club!!
* * * LOW HITPOINT WARNING * * *
The ogre hits you with a giant club!
You die...

............ ... ..##..###.#
##########..#.# .####.###.#
#.....#.##..#.#### .#####....#
#.....#.##..#.##.# ###.#####.#
#.....#.##..#.##.#
##...####.###.....#.##..#.##.#
#.....#.....#.....#.##..#.##.####
#.....#.#.###.....#.##..#........
#....รท..........@O.>......##.##..
##...##...#########.##...........
###.###.#.# #.##.#..##.#.#.
.#####..#.####### #.##.#..##.#.#.
..###...........# #.##.#..##.....
.[......#.#####.###.##.#..##.#.#.
..........####...................
..####....##....###.##.#.#.#.#...
..####.#'###.#...................


You could see an ogre.

Vanquished Creatures
  Pikel (D:5)
  Sigmund (D:5)
  A slave (D:5)
  A howler monkey (D:4)
  A hound (D:4)
  5 orc wizards
  An orc priest (D:3)
  A giant frog skeleton (D:4)
  A worker ant (D:4)
  A hound skeleton (D:5)
  8 adders
  An ooze (D:3)
  An adder skeleton (D:4)
  An adder zombie (D:5)
  3 worms
  3 dart slugs
  5 giant geckos
  20 orcs
  2 giant cockroaches
  8 goblins
  6 hobgoblins
  12 jackals
  2 quokkas (D:4)
  3 ball pythons
  18 bats
  5 giant newts
  9 kobolds
  11 rats
132 creatures vanquished.

Vanquished Creatures (others)
  The ghost of TrogTrogTrog the Poker, an amateur NaFi (D:3)
  A slave (D:5)
  An iguana (D:5)
  An orc wizard (D:4)
  An adder (D:2)
  A worm (D:2)
  A dart slug (D:5)
  3 orcs
  A bat (D:2)
  2 jackals
  2 quokkas (D:5)
  A giant newt (D:5)
16 creatures vanquished.

Grand Total: 148 creatures vanquished

Notes
Turn   | Place    | Note
-------+----------+-------------------------------------------
     0 | D:1      | Jmtri7 the Merfolk Monk began the quest for the Orb.
     0 | D:1      | Reached XP level 1. HP: 18/18 MP: 1/1
   138 | D:1      | Reached XP level 2. HP: 24/24 MP: 2/2
   216 | D:1      | Reached skill level 5 in Dodging
   424 | D:1      | Reached XP level 3. HP: 16/29 MP: 3/3
   972 | D:2      | Reached skill level 6 in Dodging
   998 | D:2      | Found a deep blue altar of Sif Muna.
  1274 | D:2      | Reached XP level 4. HP: 35/35 MP: 4/4
  1546 | D:3      | Reached skill level 7 in Dodging
  1657 | D:3      | Reached XP level 5. HP: 32/41 MP: 5/5
  1745 | D:3      | Noticed TrogTrogTrog's ghost (amateur NaFi)
  1795 | D:3      | Banished TrogTrogTrog's ghost
  1795 | D:3      | Reached skill level 8 in Dodging
  2571 | D:3      | Reached XP level 6. HP: 36/47 MP: 6/6
  2797 | D:4      | Reached skill level 9 in Dodging
  2893 | D:4      | Noticed a water elemental
  2895 | D:4      | Found a stormy altar of Qazlal.
  2898 | D:4      | Noticed an air elemental
  2898 | D:4      | Noticed a fire elemental
  3195 | D:4      | Found a bloodstained altar of Trog.
  3519 | D:4      | Reached skill level 10 in Dodging
  3519 | D:4      | Reached XP level 7. HP: 52/52 MP: 7/7
  3681 | D:4      | Found a sacrificial altar of Ru.
  3682 | D:4      | Found a blossoming altar of Fedhas.
  3854 | D:5      | Entered Level 5 of the Dungeon
  4229 | D:5      | Noticed Sigmund
  4249 | D:5      | Killed Sigmund
  4249 | D:5      | Reached skill level 11 in Dodging
  4501 | D:5      | Noticed Pikel
  4537 | D:5      | Killed Pikel
  4537 | D:5      | Reached skill level 13 in Dodging
  4537 | D:5      | Reached XP level 8. HP: 25/58 MP: 8/8
  4833 | D:5      | Found a radiant altar of Vehumet.
  4947 | D:5      | Found a hide-covered altar of Uskayaw.
  5220 | D:5      | Mangled by an ogre

Vault maps used:
D:1:      dpeg_arrival_subterranean_lakeside_camping
D:2:      overflow_temple_1_default
D:3:      first_bread, serial_bayou_pond_b, grunt_ministairs_5
D:4:      nicolae_qazlal_style_of_elements, gammafunk_temple_overflow_pools,
          trog_butcher_becter
D:5:      kennysheep_mini, overflow_temple_1_default, roderic_batcave,
          minmay_lizard_king, uniq_pikel, uniq_sigmund

Skill      XL: |  1  2  3  4  5  6  7 |
---------------+----------------------+-----
Dodging        | 5 6 7 8 10 13 | 13.1
Fighting       | |  3.2
Long Blades    | |  3.2
Stealth        | |  2.1

Action                   |  1- 3 |  4- 6 |  7- 9 || total
-------------------------+-------+-------+-------++-------
Melee: Falchion          |    25 |       |       ||    25
       Whip              |   108 |   202 |   156 ||   466
  Use: Scroll            |       |     6 |     1 ||     7
       Potion            |       |     1 |       ||     1
 Stab: Sleeping          |     5 |     4 |       ||     9
  Eat: Chunk             |     1 |     8 |     5 ||    14
Armor: Robe              |    24 |    18 |    32 ||    74
Dodge: Dodged            |   143 |   171 |   246 ||   560
